 Dungeon Crawl Stone Soup version 0.18.1-50-g88ac8fd (webtiles) character file.

2412 magog001 the Shield-Bearer (level 9, -2/54 HPs)
             Began as a Tengu Fighter on Oct 30, 2017.
             Slain by an unseen horror (6 damage)
             ... on level 7 of the Dungeon on Oct 31, 2017.
             The game lasted 00:39:25 (5118 turns).

magog001 the Shield-Bearer (Tengu Fighter)          Turns: 5118, Time: 00:39:26

Health: -2/54      AC:  9    Str: 24    XL:     9   Next: 47%
Magic:  10/10      EV: 11    Int:  9    God:
Gold:   50         SH: 11    Dex: 14    Spells: 0 memorised, 8 levels left

rFire  . . .     SeeInvis .     w - +2 war axe (venom)
rCold  . . .     Gourm    .     b - +0 scale mail
rNeg   . . .     Faith    .     m - +0 shield
rPois  .         Spirit   .     (helmet restricted)
rElec  .         Dismiss  .     i - +0 cloak
rCorr  .         Reflect  .     (no gloves)
SustAt .         Harm     .     (boots unavailable)
MR     +....                    t - amulet of regeneration
Stlth  ..........               n - +5 ring of strength
                                u - ring of protection from magic

@: somewhat resistant to hostile enchantments, extremely unstealthy
A: beak, talons 3, able to fly 1
a: Fly


You were on level 7 of the Dungeon.
You were not hungry.

You visited 1 branch of the dungeon, and saw 7 of its levels.
You also visited: Sewer.

You collected 303 gold pieces.
You spent 253 gold pieces at shops.

Inventory:

Hand Weapons
 w - a +2 war axe of venom (weapon)
Missiles
 k - 18 poisoned needles
 B - 7 tomahawks (quivered)
Armour
 b - a +0 scale mail (worn)
 i - a +0 cloak (worn)
 m - a +0 shield (worn)
Jewellery
 n - a +5 ring of strength (right hand)
 t - an amulet of regeneration (around neck)
 u - a ring of protection from magic (left hand)
Wands
 h - a wand of random effects (17/48)
 y - a wand of paralysis (10/24)
 F - a wand of confusion (31/48)
Scrolls
 c - a scroll of fog
 e - 4 scrolls of fear
 g - a scroll of identify
 r - 4 scrolls of teleportation
 C - a scroll of blinking
 G - a scroll of remove curse
Potions
 a - a potion of mutation {unknown}
 d - 3 potions of might
 j - a potion of degeneration {unknown}
 l - a potion of cancellation {unknown}
 o - 2 potions of magic
 v - a potion of cure mutation
 x - 2 potions of haste
 z - a potion of lignification
 A - a potion of flight
 D - a potion of curing
 E - a potion of heal wounds {unknown}
Comestibles
 f - 5 bread rations
 p - a beef jerky
 q - 4 fruits
 s - 3 meat rations
 H - a chunk of flesh


   Skills:
 * Level 5.5 Fighting
   Level 2.1 Short Blades
 * Level 4.5(4.8) Axes
   Level 2.2(3.7) Polearms
 * Level 6.8 Armour
 * Level 5.5 Dodging
 - Level 0.4 Stealth
 * Level 7.7 Shields


You had 8 spell levels left.
You didn't know any spells.

Dungeon Overview and Level Annotations

Branches:
Dungeon (7/15)             Temple (0/1) D:6

Altars:
Ashenzari
Makhleb
Okawaru
Pakellas
Trog
Yredelemnul
The Shining One

Shops:
D:6 *   D:7 (


Innate Abilities, Weirdness & Mutations

You have a beak for a mouth.
You have claws for feet.
You can fly.


Message History

You kill the two-headed ogre!
Something hits you.
* * * LOW HITPOINT WARNING * * *
Drink which item? (? for menu, Esc to quit)
You feel better. Something hits you!
* * * LOW HITPOINT WARNING * * *
Evoke which item? (* to show all) (? for menu, Esc to quit)
Zapping:
h - a wand of random effects (will waste charges)
Press: ? - help, Shift-Dir - straight line Nothing appears to happen.
Evoking this partially-identified wand wasted a few charges.
Something hits you.
* * * LOW HITPOINT WARNING * * *
Something hits you but does no damage. Something hits you but does no damage.
Something hits you but does no damage. Something hits you.
* * * LOW HITPOINT WARNING * * *
Something hits you but does no damage. Something hits you.
You die...

.....###.##.##.###).#
∩.....###.#.#.###...#
.......####.####....#
...........8.......##
.......####.####..##
......###.#.#.###..#
.....###.##.##.###.#
........###.###....#
........##...##.@.##
....##..#.....#...#
..#####...##....#.#
### ### #..###.# ##.
#.. # ..#. .... .. .


There were no monsters in sight!

Vanquished Creatures
  An ugly thing (D:6)
  A two-headed ogre (D:7)
  Sigmund (D:5)
  Menkaure (D:4)
  A water moccasin (D:6)
  Edmund (D:4)
  An ice beast (D:6)
  A phantom (D:6)
  2 ogres (D:4)
  A giant frog (Sewer)
  A howler monkey (D:5)
  4 vampire bats (D:5)
  2 crimson imps
  A giant frog zombie (D:6)
  A hound (D:4)
  2 orc wizards (D:6)
  An orc priest (D:5)
  Crazy Yiuf (D:6)
  3 centaur skeletons
  An iguana (D:5)
  2 worker ants
  A hound zombie (D:6)
  A gnoll (D:4)
  A howler monkey skeleton (D:6)
  15 adders
  A river rat (D:4)
  A shadow imp (D:6)
  An adder skeleton (D:7)
  2 worms
  A dart slug (D:2)
  9 giant geckos
  14 orcs
  12 giant cockroaches
  4 goblins
  6 hobgoblins
  4 jackals (D:2)
  8 kobolds
  2 quokkas
  5 ball pythons
  11 bats
  2 giant gecko skeletons
  11 giant newts
  9 rats
151 creatures vanquished.

Notes
Turn   | Place    | Note
--------------------------------------------------------------
     0 | D:1      | magog001 the Tengu Fighter began the quest for the Orb.
     0 | D:1      | Reached XP level 1. HP: 14/14 MP: 2/2
   123 | D:1      | Found a glowing golden altar of the Shining One.
   209 | D:1      | Reached XP level 2. HP: 19/19 MP: 3/3
   380 | D:1      | Reached XP level 3. HP: 20/23 MP: 4/4
   740 | D:2      | Reached skill level 1 in Dodging
   740 | D:2      | Reached XP level 4. HP: 28/28 MP: 5/5
  1064 | D:2      | Reached skill level 1 in Polearms
  1081 | D:2      | Reached skill level 4 in Shields
  2147 | D:3      | Gained mutation: You can fly. [Tengu growth]
  2147 | D:3      | Reached XP level 5. HP: 27/32 MP: 6/6
  2419 | D:4      | Noticed Menkaure
  2430 | D:4      | Killed Menkaure
  2430 | D:4      | Reached skill level 5 in Shields
  2430 | D:4      | Reached XP level 6. HP: 8/37 MP: 7/7
  2482 | D:4      | Found a glowing drain.
  2510 | Sewer    | Entered a sewer
  2702 | Sewer    | Reached XP level 7. HP: 41/41 MP: 6/8
  2900 | D:4      | Noticed Edmund
  2901 | D:4      | HP: 2/41 [ogre/giant spiked club (9)]
  3188 | D:4      | Found a bloodstained altar of Trog.
  3271 | D:4      | Killed Edmund
  3271 | D:4      | Reached skill level 1 in Axes
  3271 | D:4      | Reached skill level 5 in Armour
  3363 | D:4      | Reached skill level 6 in Shields
  3462 | D:4      | Found an iron altar of Okawaru.
  3674 | D:4      | Reached XP level 8. HP: 48/48 MP: 9/9
  3761 | D:5      | Entered Level 5 of the Dungeon
  3848 | D:5      | Found a basalt altar of Yredelemnul.
  3851 | D:5      | Noticed Sigmund
  3858 | D:5      | Killed Sigmund
  4060 | D:5      | Found a shattered altar of Ashenzari.
  4212 | D:5      | Found a burning altar of Makhleb.
  4345 | D:6      | Reached skill level 7 in Shields
  4477 | D:6      | Noticed Crazy Yiuf
  4486 | D:6      | Killed Crazy Yiuf
  4486 | D:6      | Reached skill level 5 in Dodging
  4595 | D:6      | Found an oddly glowing altar of Pakellas.
  4606 | D:6      | Found a staircase to the Ecumenical Temple.
  4637 | D:6      | Reached XP level 9. HP: 33/53 MP: 10/10
  4717 | D:6      | Reached skill level 5 in Fighting
  4935 | D:6      | Found Emakhlahi's Assorted Antiques.
  4941 | D:6      | Bought a scroll of identify for 46 gold pieces
  4941 | D:6      | Bought a scroll labeled BOYTUR RABE for 23 gold pieces
  4953 | D:6      | Bought a glowing gold wand for 92 gold pieces
  4953 | D:6      | Bought a glass wand for 92 gold pieces
  5033 | D:7      | Found Edwusof's Weapon Boutique.
  5037 | D:7      | Noticed a purple ugly thing
  5056 | D:6      | Killed a purple ugly thing
  5082 | D:7      | Noticed a two-headed ogre
  5111 | D:7      | Killed a two-headed ogre
  5118 | D:7      | Slain by an unseen horror

Skill      XL: |  1  2  3  4  5  6  7  8  9 |
---------------+----------------------------+-----
Dodging        | 1 2 3 5 |  5.5
Polearms       | 1 2 |  2.2
Shields        | 4 5 6 7 |  7.7
Armour         | 4 5 6 |  6.8
Axes           | 1 3 4 |  4.5
Fighting       | 4 5 |  5.5
Short Blades   | |  2.1
Stealth        | |  0.4

Action                   |  1- 3 |  4- 6 |  7- 9 || total
-------------------------+-------+-------+-------++-------
Melee: Spear             |    82 |   138 |     8 ||   228
       Rapier            |     6 |       |       ||     6
       Kick              |    25 |    35 |    59 ||   119
       Peck              |    13 |    20 |    34 ||    67
       War axe           |       |       |   169 ||   169
 Abil: Fly               |       |     3 |     3 ||     6
Evoke: Wand              |       |       |     1 ||     1
  Use: Scroll            |       |     7 |     7 ||    14
       Potion            |       |     3 |     2 ||     5
  Eat: Chunk             |       |     5 |     1 ||     6
       Pizza             |       |     1 |       ||     1
       Meat ration       |       |       |     1 ||     1
       Beef jerky        |       |       |     2 ||     2
Armor: Scale mail        |    37 |    29 |    67 ||   133
Dodge: Dodged            |    22 |    41 |    85 ||   148
Block: Shield            |    64 |    76 |   106 ||   246
